 Dungeon Crawl Stone Soup version 0.19.5 (webtiles) character file.

25 pps the Charlatan (level 2, 0/14 HPs)
             Began as a Spriggan Artificer on Mar 27, 2017.
             Killed by nerve-wracking pain
             ... invoked by Jessica
              (10 damage)
             ... on level 2 of the Dungeon.
             The game lasted 00:07:01 (1371 turns).

pps the Charlatan (Spriggan Artificer)              Turns: 1371, Time: 00:07:02

Health: 0/14       AC:  2    Str:  8    XL:     2   Next: 86%
Magic:  6/6        EV: 19    Int: 12    God:
Gold:   60         SH:  0    Dex: 16    Spells: 0 memorised, 1 level left

rFire  . . .     SeeInvis +     a - +0 short sword
rCold  . . .     Gourm    .     b - +0 robe
rNeg   . . .     Faith    .     (shield restricted)
rPois  .         Spirit   .     (helmet restricted)
rElec  .         Reflect  .     (no cloak)
rCorr  .         Harm     .     (gloves unavailable)
MR     .....                    (boots unavailable)
Stlth  ++........               (no amulet)
                                (no ring)
                                (no ring)

@: very quick
A: unfitting armour, see invisible, herbivore 3, speed 3, slow metabolism 2
a: no special abilities


You were on level 2 of the Dungeon.
You were not hungry.

You visited 1 branch of the dungeon, and saw 2 of its levels.

You collected 60 gold pieces.

Inventory:

Hand Weapons
 a - a +0 short sword (weapon)
 j - a +0 whip
 k - a +0 whip
 p - a +0 whip
Missiles
 n - 24 stones (quivered)
 o - 19 arrows
Armour
 b - a +0 robe (worn)
Wands
 c - a wand of flame (15/48)
 d - a wand of enslavement (15/24)
 e - a wand of random effects (15/48)
Scrolls
 g - a scroll of recharging {unknown}
 h - a scroll of blinking {unknown}
 i - 2 scrolls of identify {unknown}
 s - a scroll of teleportation {unknown}
 t - a scroll of random uselessness {unknown}
Potions
 r - a potion of flight
Comestibles
 f - a bread ration
 l - a beef jerky


   Skills:
 + Level 1.0 Fighting
 + Level 1.9 Short Blades
 + Level 3.4 Dodging
 + Level 1.7 Stealth
 + Level 4.7 Evocations


You had one spell level left.
You didn't know any spells.

Dungeon Overview and Level Annotations

Branches:
Dungeon (2/15)

Altars:
Trog

Annotations:
D:2 Jessica


Innate Abilities, Weirdness & Mutations

You are very small and have problems with some larger weapons.
You are too small for most types of armour.
You have supernaturally acute eyesight. (SInv)
You are a herbivore.
You cover ground extremely quickly.
You need consume almost no food.


Message History

Press: ? - help, Shift-Dir - straight line, f/p - gnoll
Aim: a gnoll, wielding a whip and wearing a leather armour You throw a stone.
The stone closely misses the gnoll.
A gnoll comes into view. It is wielding a flail.
Found an escape hatch in the floor.
Found a stone staircase leading up.
A gnoll comes into view. It is wielding a halberd.
The gnoll shouts!
Throwing (i - inventory):
n - 25 stones (quivered)
Press: ? - help, Shift-Dir - straight line, f/p - gnoll
Aim: a gnoll, wielding a whip and wearing a leather armour You throw a stone.
The stone hits the gnoll but does no damage.
Jessica the Apprentice Sorceress comes into view.
A frilled lizard and a dart slug come into view.
Jessica shouts!
The frilled lizard hisses angrily.
Jessica barely misses you.
Jessica points at you and mumbles some strange words.
Pain shoots through your body!
Ouch! That really hurt!
You die...

... ... .. # ..
.. #. ##
.###..# ....##.
.....
........#..#
... ###@.#
.....#w..####.#
........@..l..#
..#.#.##.######
#.#.##g.#
.........## .
....###.<.## ..
###...#>#..####
#.###
#....#....#


You could see a gnoll, a dart slug and Jessica.

Vanquished Creatures
  An adder (D:2)
  A dart slug (D:1)
  A leopard gecko (D:1)
  A hobgoblin (D:1)
  2 kobolds (D:1)
  A bat (D:1)
  A frilled lizard (D:1)
  2 goblins (D:1)
  5 rats (D:1)
15 creatures vanquished.

Notes
Turn   | Place    | Note
-------+----------+-------------------------------------------
     0 | D:1      | pps the Spriggan Artificer began the quest for the Orb.
     0 | D:1      | Reached XP level 1. HP: 9/9 MP: 4/4
   440 | D:1      | Reached XP level 2. HP: 14/14 MP: 6/6
  1093 | D:1      | Reached skill level 1 in Fighting
  1110 | D:2      | Found a bloodstained altar of Trog.
  1367 | D:2      | Noticed Jessica
  1371 | D:2      | Killed from afar by Jessica

Skill      XL: |  1  2 |
---------------+-------+-----
Fighting       | 1 |  1.0
Short Blades   | |  1.9
Dodging        | |  3.4
Stealth        | |  1.7
Evocations     | |  4.7

Action                   || total
-------------------------++-------
Melee: Short sword       ||    45
Throw: Stone             ||     6
  Use: Potion            ||     3
 Stab: Sleeping          ||     3
Armor: Robe              ||     6
Dodge: Dodged            ||    29
